 Dungeon Crawl Stone Soup version 0.28.0-49-g6dfe1f597d (webtiles) character file.

Game seed: 15214488930699835195

975 Atelerd the Digger (level 8, -4/46 HPs)
             Began as an Octopode Earth Elementalist on May 15, 2022.
             Slain by a gnoll
             ... wielding a +0 club
              (6 damage)
             ... on level 3 of the Dungeon.
             The game lasted 00:06:16 (6580 turns).

Atelerd the Digger (Octopode Earth Elementalist)    Turns: 6580, Time: 00:06:16

Health: -4/46      AC:  1    Str:  7    XL:     8   Next: 16%
Magic:  5/15       EV: 13    Int: 19    God:
Gold:   215        SH:  0    Dex: 13    Spells: 9/17 levels left

rFire   . . .      SeeInvis .   g - +0 short sword (chaos)
rCold   . . .      Faith    .   (no shield)
rNeg    . . .      Spirit   .   (helmet restricted)
rPois   .          Reflect  .   (no amulet)
rElec   .          Harm     .   (no ring)
rCorr   .          Rampage  .   (no ring)
Will    .....                   (no ring)
Stlth   +++.......              (no ring)
HPRegen 0.15/turn               (no ring)
MPRegen 0.14/turn               (no ring)
                                (no ring)
                                (no ring)

@: very slightly contaminated
A: almost no armour, amphibious, 8 rings, camouflage 1, gelatinous body 1,
(nimble swimmer 1), tentacles
a: no special abilities


You were on level 3 of the Dungeon.
You visited 1 branch of the dungeon, and saw 6 of its levels.

You collected 215 gold pieces.

Inventory:

Hand Weapons
 g - a +0 short sword of chaos (weapon)
Wands
 e - a wand of iceblast (11)
Scrolls
 f - 2 scrolls of blinking
 h - 3 scrolls of teleportation
 k - 3 scrolls of fear
 n - 2 scrolls of enchant weapon
Potions
 a - 2 potions of lignification {unknown}
 j - a potion of heal wounds {unknown}
 l - a potion of attraction {unknown}
 o - 2 potions of degeneration {unknown}


   Skills:
 - Level 2.0 Dodging
 - Level 2.6 Stealth
 + Level 5.1 Spellcasting
 - Level 5.0 Transmutations
 + Level 6.3 Earth Magic


You had 9 spell levels left.
You knew the following spells:

 Your Spells              Type           Power      Damage    Failure   Level
a - Sandblast             Erth           58%        2d13      1%          1
p - Petrify               Tmut/Erth      26%        N/A       12%         4
r - Stone Arrow           Conj/Erth      32%        3d9       10%         3

Your spell library contained the following spells:

 Spells                   Type           Power      Damage    Failure   Level
 Passwall                 Tmut/Erth      21%        N/A       1%          2
 Animate Skeleton         Necr           8%         N/A       12%         1
 Pain                     Necr           16%        1d4       12%         1
 Gell's Gravitas          Tloc           4%         N/A       36%         3
 Teleport Other           Tloc           4%         N/A       36%         3
 Vampiric Draining        Necr           4%         2d6       36%         3
 Dispersal                Tloc           2%         N/A       100%        6


Dungeon Overview and Level Annotations

Branches:
Dungeon (6/15)
 Temple: D:4-7

Altars:

Annotations:
D:2 exclusion: 2 downstairs


Innate Abilities, Weirdness & Mutations

You cannot wear most types of armour.
You are amphibious.
You can wear up to eight rings at the same time.
Your skin changes colour to match your surroundings (Stealth+).
Your rubbery body absorbs attacks. (AC +1, EV +1)
((You are camouflaged when in or above water. (Stealth+)))
You have tentacles for arms and can constrict up to eight enemies at once.


Message History

Aim: a gnoll shaman, wielding a +0 whip and wearing a +0 robe (72% to hit)
The stone arrow hits the gnoll shaman!!
You kill the gnoll shaman!
Unknown command.
A worm comes into view.
The gnoll hits you with a +0 club. The gnoll hits you with a +0 whip!
The worm bites you! The gnoll hits you with a +0 club!
The gnoll hits you with a +0 club.
* * * LOW HITPOINT WARNING * * *
The gnoll closely misses you. The gnoll closely misses you.
The gnoll hits you with a +0 club.
* * * LOW HITPOINT WARNING * * *
The gnoll closely misses you.
You feel better. The gnoll hits you with a +0 club!
* * * LOW HITPOINT WARNING * * *
The gnoll barely misses you.
Casting: Stone Arrow (dangerous; 10% risk of failure)
Confirm with . or Enter, or press ? or * to list all spells.
Aiming: Stone Arrow (dangerous; 10% risk of failure)
Press: ? - help, Shift-Dir - straight line, f - gnoll
Aim: a gnoll, wielding a +0 club (fast, 72% to hit)
You miscast Stone Arrow.
You are very lightly contaminated with residual magic.
Nothing appears to happen.
The gnoll barely misses you. The gnoll hits you with a +0 club.
* * * LOW HITPOINT WARNING * * *
Casting: Stone Arrow (dangerous; 10% risk of failure)
Confirm with . or Enter, or press ? or * to list all spells.
Aiming: Stone Arrow (dangerous; 10% risk of failure)
Press: ? - help, Shift-Dir - straight line, f/p - gnoll
Aim: a gnoll, wielding a +0 club (fast, 72% to hit)
The stone arrow misses the gnoll.
The stone arrow hits the gnoll!
The gnoll is almost dead.
The gnoll completely misses you.
Unknown command.
The gnoll hits you with a +0 club.
You die...

..........##......#####
#..#
###.###...#.........#
#..#
###.#.#.....b.......##
.................g...#
.##.#.............w..#
..........#.........g#
.....<..#'...........#
............'.######g#
..)....(....'...@g.gg#
............###.######
........#.......
....#####.###### ......
. ##..## . #..# #... #
###...##### #.........#


You could see 4 gnolls.

Vanquished Creatures
  An ice beast (D:5)
  A black bear (D:5)
  A centaur (D:5)
  A phantom (D:3)
  A bullfrog (D:4)
  3 scorpions
  A centaur zombie (D:5)
  A hound (D:5)
  A jelly (D:4)
  A gnoll shaman (D:3)
  Ijyb (D:3)
  3 iguanas (D:5)
  A howler monkey zombie (D:5)
  4 gnolls
  5 adders
  A river rat (D:5)
  A white imp (D:5)
  2 worms
  A dart slug (D:1)
  2 orcs
  3 endoplasms
  3 giant cockroaches
  7 goblins
  2 hobgoblins
  4 jackals (D:1)
  2 quokkas (D:3)
  10 ball pythons
  11 bats
  3 frilled lizards
  5 kobolds
  3 rats
86 creatures vanquished.

Notes
Turn   | Place    | Note
-------+----------+-------------------------------------------
     0 | D:1      | Atelerd the Octopode Earth Elementalist began the quest for
                  | the Orb.
     0 | D:1      | Reached XP level 1. HP: 11/11 MP: 3/3
   271 | D:1      | Reached XP level 2. HP: 14/17 MP: 0/5
  1231 | D:2      | Reached XP level 3. HP: 21/21 MP: 4/6
  1364 | D:2      | Reached skill level 4 in Earth Magic
  1877 | D:2      | Noticed a scorpion
  1887 | D:2      | Killed a scorpion
  1888 | D:2      | Reached XP level 4. HP: 13/27 MP: 3/8
  2359 | D:3      | Noticed Ijyb
  2431 | D:3      | Reached XP level 5. HP: 14/31 MP: 4/9
  2640 | D:3      | Noticed a phantom
  2663 | D:3      | Killed a phantom
  3039 | D:3      | Identified the +6 chain mail "Tuill" {rC++ Will+ Str-4
                  | SInv}
  3447 | D:4      | Reached XP level 6. HP: 36/36 MP: 7/10
  4237 | D:5      | Entered Level 5 of the Dungeon
  4294 | D:5      | Learned a level 3 spell: Stone Arrow
  4299 | D:5      | Learned a level 4 spell: Petrify
  4331 | D:5      | Reached skill level 5 in Earth Magic
  4444 | D:5      | Reached XP level 7. HP: 21/41 MP: 7/12
  4757 | D:5      | You fall into a shaft and drop 1 floor!
  4827 | D:5      | Reached skill level 5 in Transmutations
  5865 | D:5      | Reached skill level 6 in Earth Magic
  5920 | D:5      | Reached XP level 8. HP: 18/46 MP: 4/15
  6387 | D:3      | Killed Ijyb
  6388 | D:3      | Reached skill level 5 in Spellcasting
  6578 | D:3      | HP: 1/46 [gnoll/+0 club (6)]
  6580 | D:3      | Slain by a gnoll

Illustrated notes

Levels and vault maps discovered:
D:1:      elethiomel_arrival_infinity_welcomes_careful_drivers, layout_basic,
          nicolae_figureground_pulse
D:2:      layout_loops_ring
D:3:      layout_basic, eino_tiny_chamber, uniq_ijyb
D:4:      layout_gridville
D:5:      layout_loops_cross, portal_sewer_entry_a
D:6:      layout_loops_ring, marbit_many_paths

Skill      XL: |  1  2  3  4  5  6  7  8 |
---------------+-------------------------+-----
Earth Magic    | 4 5 6 |  6.3
Transmutations | 2 3 4 5 |  5.0
Spellcasting   | 3 4 5 |  5.1
Dodging        | |  2.0
Stealth        | |  2.6

Action                   |  1- 3 |  4- 6 |  7- 9 || total
-------------------------+-------+-------+-------++-------
Melee: Unarmed           |    19 |       |       ||    19
       Constrict         |    12 |    10 |     8 ||    30
       Tentacles         |     6 |     7 |    17 ||    30
       Short sword       |    10 |    29 |    53 ||    92
       Punch             |       |     1 |       ||     1
 Cast: Sandblast         |    33 |    52 |       ||    85
       Stone Arrow       |       |       |    21 ||    21
       Petrify           |       |       |     3 ||     3
Evoke: Wand              |       |       |     1 ||     1
  Use: Potion            |       |     1 |     2 ||     3
       Scroll            |       |     4 |     3 ||     7
 Stab: Sleeping          |     3 |     5 |     2 ||    10
       Petrified         |       |       |    17 ||    17
Armor: Skin              |     6 |     7 |     3 ||    16
Dodge: Dodged            |    36 |    48 |    50 ||   134
